 Dungeon Crawl Stone Soup version 0.26-a0-833-g7262b39652 (webtiles) character file.

Game seed: 12783085366785213996

106738 Meder the Geomancer (level 16, -11/98 HPs)
             Began as a Gargoyle Earth Elementalist on Nov 16, 2020.
             Was a High Priest of Vehumet.
             Mangled by a tyrant leech (39 damage)
             ... called by a spriggan druid
             ... on level 3 of the Swamp.
             The game lasted 01:18:35 (29426 turns).

Meder the Geomancer (Gargoyle Earth Elementalist)  Turns: 29426, Time: 01:18:35

Health: -11/98     AC: 38    Str: 11    XL:     16   Next: 45%
Magic:  3/30       EV: 15    Int: 30    God:    Vehumet [*****.]
Gold:   2295       SH:  0    Dex: 10    Spells: 5/36 levels left

rFire    . . .     SeeInvis .   C - +2 eveningstar (drain)
rCold    . . .     Faith    .   (no shield)
rNeg     + . .     Spirit   .   K - +4 troll leather armour
rPois    ∞         Reflect  .   V - +2 helmet
rElec    +         Harm     .   e - +2 cloak
rCorr    .         Rampage  .   p - +2 pair of gloves {archery}
MR       +....                  U - +2 pair of boots
Stlth    ++........             n - amulet of regeneration
HPRegen  1.06/turn              M - +6 ring of intelligence
MPRegen  0.22/turn              G - +4 ring of protection

@: flying, slowed, very slow
A: big wings, mutation resistance 1, negative energy resistance 1, electricity
resistance, unbreathing, petrification resistance, rot immunity, AC +12
a: Stop Flying, Renounce Religion


You were on level 3 of the Swamp.
You worshipped Vehumet.
Vehumet was extremely pleased with you.
You visited 5 branches of the dungeon, and saw 27 of its levels.
You also visited: Ossuary, Bailey, Ice Cave and Volcano.

You collected 4313 gold pieces.
You spent 2018 gold pieces at shops.

Inventory:

Hand Weapons
 B - the +8 longbow "Zephyr" {speed, Dex+3 SInv}
   (You found it in a bailey)

   Attacks with this weapon are significantly faster.
   It affects your dexterity (+3).
   It lets you see invisible.
 C - a +2 eveningstar of draining (weapon)
Missiles
 b - 330 stones (quivered)
 u - 5 throwing nets
Armour
 e - a +2 cloak (worn)
 p - a +2 pair of gloves of archery (worn)
 H - a +2 hat
 K - a +4 troll leather armour (worn)
 U - a +2 pair of boots (worn)
 V - a +2 helmet (worn)
Jewellery
 f - an uncursed ring of fire
 i - the ring "Rutot" {+Fly MP+9}
   (You found it on level 6 of the Lair of Beasts)

   [ring of magical power]

   It affects your magic capacity (+9).
   It lets you fly.
 n - an amulet of regeneration (around neck)
 G - a +4 ring of protection (right hand)
 J - an uncursed ring of ice
 M - a +6 ring of intelligence (left hand)
 N - an uncursed ring of resist corrosion
 Q - a +6 ring of dexterity
Wands
 c - a wand of paralysis (34)
 h - a wand of polymorph (13)
 A - a wand of digging (8)
 F - a wand of flame (24)
 I - a wand of random effects (30)
 O - a wand of enslavement (27)
 S - a wand of iceblast (9)
Scrolls
 d - 6 scrolls of remove curse
 j - 4 scrolls of amnesia
 t - 8 scrolls of magic mapping
 v - 3 scrolls of immolation
 w - 4 scrolls of fog
 x - 19 scrolls of identify
 E - 7 scrolls of teleportation
 P - 2 scrolls of summoning
Potions
 a - 9 potions of haste
 g - 9 potions of curing
 k - 8 potions of might
 l - 5 potions of ambrosia
 m - a potion of lignification
 o - 3 potions of heal wounds
 q - 3 potions of cancellation
 r - 9 potions of attraction
 z - 5 potions of mutation
 D - 5 potions of berserk rage
 L - 5 potions of brilliance
 R - 4 potions of resistance
 T - a potion of magic
Miscellaneous
 s - a phantom mirror
 y - a phial of floods


   Skills:
 + Level 10.5 Fighting
 + Level 9.6 Maces & Flails
 - Level 6.0 Armour
 + Level 8.3 Dodging
 - Level 2.1 Stealth
 + Level 10.7 Spellcasting
 + Level 11.7 Conjurations
 - Level 0.7 Transmutations
 * Level 9.8 Fire Magic
 + Level 13.8 Earth Magic
 + Level 8.9 Evocations


You had 5 spell levels left.
You knew the following spells:

 Your Spells              Type           Power        Failure   Level
a - Sandblast             Erth           ######       0%          1
b - Stone Arrow           Conj/Erth      ######       1%          3
c - Lee's Rapid Deconstr  Erth           #######...   1%          5
d - Iron Shot             Conj/Erth      #######...   1%          6
e - Fireball              Conj/Fire      ######....   1%          5
f - Starburst             Conj/Fire      ######....   2%          6
g - Irradiate             Conj/Tmut      ######....   2%          5

Your spell library contained the following spells:

 Spells                   Type           Power        Failure   Level
 Foxfire                  Conj/Fire      ####         1%          1
 Passwall                 Tmut/Erth      ######..     1%          2
 Conjure Flame            Conj/Fire      ######..     1%          3
 Dazzling Flash           Conj/Hex       ######       1%          3
 Inner Flame              Hex/Fire       #####...     1%          3
 Petrify                  Tmut/Erth      ######..     1%          4
 Sticky Flame             Conj/Fire      ######..     1%          4
 Bolt of Magma            Conj/Fire/Erth ######....   1%          5
 Leda's Liquefaction      Hex/Erth       ######....   2%          4
 Beastly Appendage        Tmut           ###...       3%          1
 Sting                    Tmut/Pois      ###.         3%          1
 Animate Skeleton         Necr           ###...       4%          1
 Apportation              Tloc           ###...       4%          1
 Corona                   Hex            ###....      4%          1
 Summon Small Mammal      Summ           ###.         4%          1
 Wereblood                Tmut           ###.....     4%          2
 Corpse Rot               Necr/Air       N/A          6%          2
 Ensorcelled Hibernation  Hex/Ice        ###...       6%          2
 Spider Form              Tmut/Pois      ###.......   11%         3
 Confusing Touch          Hex            ###.....     12%         3
 Tukima's Dance           Hex            ###.....     12%         3
 Ice Form                 Ice/Tmut       ###.....     34%         4
 Dispel Undead            Necr           ###.....     38%         4
 Blade Hands              Tmut           ###.......   65%         5
 Agony                    Necr           ###.....     75%         5
 Excruciating Wounds      Necr           ###.......   75%         5
 Metabolic Englaciation   Hex/Ice        ###.......   75%         5
 Freezing Cloud           Conj/Ice/Air   #####.....   30%         6
 Ozocubu's Refrigeration  Ice            ###.......   80%         6
 Shatter                  Erth           #######...   96%         9
 Simulacrum               Ice/Necr       ###.......   99%         6
 Sublimation of Blood     Necr           Unusable     N/A         2
 Statue Form              Tmut/Erth      Unusable     N/A         6

Dungeon Overview and Level Annotations

Branches:
Dungeon (15/15)            Temple (1/1) D:7            Lair (6/6) D:9
  Swamp (3/4) Lair:2       Spider (0/4) Lair:2        Slime (0/5) Lair:5
    Orc (2/2) D:9             Elf (0/3) Orc:2        Vaults (0/5) D:13
 Depths (0/5) D:15        Ossuary (visited)          Bailey (visited)
  IceCv (visited)         Volcano (visited)

Altars:
Ashenzari
Cheibriados
Dithmenos
Elyvilon
Fedhas
Gozag
Hepliaklqana
Kikubaaqudgha
Makhleb
Nemelex Xobeh
Okawaru
Qazlal
Ru
Sif Muna
Trog
Uskayaw
Vehumet
Wu Jian
Xom
Yredelemnul
Zin
The Shining One
Beogh

Shops:
D:5 }}[   D:8 (   Orc:1 !   Orc:2 =:?:

Portals:
Trove: D:12 (show slimy rune of Zot)


Innate Abilities, Weirdness & Mutations

You are resistant to torment.
Your stone body is resilient. (AC +12)
You are immune to poison.
Your large and strong wings let you fly indefinitely.
You resist negative energy. (rN+)
You are resistant to electric shocks. (rElec)
You can survive without breathing.
You are immune to petrification.
You are immune to rotting.
You are somewhat resistant to further mutation.


Message History

Unknown command.
Unknown command.
Unknown command.
Unknown command.
Casting: Starburst (dangerous; 2% risk of failure)
Confirm with . or Enter, or press ? or * to list all spells.
You don't have enough magic to cast that spell.
Unknown command.
Unknown command.
Unknown command.
You barely miss the tyrant leech.
The tyrant leech is almost dead.
The bog body gestures at you while chanting.
You feel as though you will be slow longer.
The tyrant leech bites you!
* * * LOW HITPOINT WARNING * * *
A spriggan rider comes into view. It is wielding a +0 spear.
The bog body touches you but does no damage.
The tyrant leech bites you!!!
You die...

♣
≈§≈≈≈.§≈§≈.§.≈♣♣
♣ ≈≈§≈?
..§≈.≈♣☼≈♣ ♣
§≈§≈≈≈.§.[.♣§§.≈
♣
...≈≈.♣...♣§§≈.≈
♣. .
.≈≈≈♣.....≈≈§ ♣.
... /☼)§..≈.§ .
♣≈
....§♣.≈)≈♣♣§§≈.
.§§§.≈n@w§§.§§≈≈
≈§≈≈≈§.§§.§.≈≈§.
≈≈≈§≈§≈§§§§..≈≈.
≈≈≈≈§≈≈≈§§○≈♣.≈≈
≈≈≈....≈≈.≈§≈.≈≈
≈..≈♣♣♣.≈≈♣♣§.≈≈
i≈≈♣ ♣§.♣♣ ♣.≈≈
♣♣. ♣.♣♣ ≈≈≈


You could see a tyrant leech (strong), a spriggan rider (wandering) and a bog
body.

Vanquished Creatures
  Jorgrun (Swamp:2)
  A fenstrider witch (Swamp:2)
  A dire elephant (Lair:6)
  Snorg (Lair:5)
  2 eleionomae
  Josephine (D:14)
  Harold (Orc:1)
  A great orb of eyes (D:15)
  2 ice dragons (IceCv)
  A shambling mangrove (Swamp:3)
  Fannar (D:9)
  11 hydras
  A catoblepas (Lair:2)
  5 alligators
  A centaur warrior (D:13)
  A ghost crab (Swamp:2)
  A merfolk avatar (Lair:6)
  A boulder beetle (Lair:6)
  2 two-headed ogres (D:15)
  4 orc high priests
  3 goliath frogs
  A sun demon (Volcano)
  Urug (Lair:3)
  3 skeletal warriors (D:12)
  A hell knight (Volcano)
  3 bog bodies
  2 spriggan druids
  2 unseen horrors
  Pikel (D:5)
  A lindwurm (Lair:2)
  A swamp dragon (Lair:2)
  A deep elf archer (D:15)
  6 orc knights
  A harpy (Lair:6)
  A wolf spider zombie (D:12)
  A necromancer (D:13)
  8 ugly things
  8 orc sorcerers
  3 manticores
  4 oklob plants (Lair:5)
  A cyclops (D:14)
  A salamander (D:15)
  A will-o-the-wisp (Swamp:1)
  8 elephants
  Psyche (D:9)
  Joseph (D:9)
  2 ice statues (IceCv)
  A torpor snail (Lair:4)
  4 black mambas
  A gargoyle (D:14)
  10 cane toads
  12 komodo dragons
  A molten gargoyle (D:14)
  An efreet (D:14)
  6 rime drakes
  6 polar bears
  A merfolk (D:15)
  3 trolls
  10 tyrant leeches
  A wind drake (Lair:6)
  3 blink frogs (Lair:6)
  A jumping spider (Lair:2)
  10 hornets
  A harpy skeleton (D:15)
  7 dream sheep (Lair:6)
  Sigmund (D:2)
  A shadow (D:12)
  6 wraiths
  13 wyverns
  6 spriggans
  36 yaks
  2 vampires
  A human (shapeshifter) (D:14)
  A golden eye (shapeshifter) (D:15)
  4 basilisks
  A fire elemental (D:14)
  5 vampire mosquitoes
  6 wargs
  11 swamp worms
  16 water moccasins
  A soldier ant (D:13)
  An acid dragon (D:12)
  2 hell hounds (Volcano)
  2 black bears
  2 hornet zombies
  3 swamp drakes
  21 ice beasts
  5 sky beasts
  34 orc warriors
  10 ogres
  15 wolves
  17 centaurs
  2 phantoms
  2 big kobolds
  12 bullfrogs
  A gnoll sergeant (D:9)
  A water moccasin zombie (Ossuary)
  2 wyvern skeletons
  3 wights (D:7)
  9 howler monkeys
  A vampire bat (D:8)
  2 electric eels
  4 centaur zombies
  5 lava snakes (D:14)
  7 jellies
  A quasit (D:11)
  2 bullfrog zombies
  5 hounds
  19 orc priests
  Crazy Yiuf (D:2)
  4 bullfrog skeletons
  30 orc wizards
  5 centaur skeletons
  2 iguanas (D:8)
  Jessica (D:2)
  Ijyb (D:3)
  Natasha (twice) (D:2)
  Terence (D:3)
  6 worker ants
  A statue (D:8)
  2 big kobold zombies (Ossuary)
  2 mummies (Ossuary)
  A hound skeleton (D:5)
  7 gnolls
  9 adders
  A howler monkey skeleton (D:9)
  A shadow imp (D:8)
  16 white imps
  An ufetubus (D:6)
  4 oozes
  10 adder zombies
  2 worms (D:4)
  2 dart slugs
  5 leopard geckos
  87 orcs
  A ball python (D:1)
  16 bats
  7 giant cockroaches
  8 hobgoblins
  7 jackals
  9 quokkas
  6 frilled lizards
  6 gnoll zombies (Ossuary)
  12 goblins
  3 hobgoblin zombies (Ossuary)
  23 kobolds
  5 kobold zombies (Ossuary)
  A leopard gecko skeleton (D:4)
  4 orc zombies (Ossuary)
  6 rats
805 creatures vanquished.

Vanquished Creatures (collateral kills)
  A dire elephant (D:15)
1 creature vanquished.

Vanquished Creatures (others)
  2 bloated husks
  3 yaks (Lair:5)
  2 foxfires (Swamp:1)
  34 fungi
  115 plants
156 creatures vanquished.

Grand Total: 962 creatures vanquished

Notes
Turn   | Place    | Note
-------+----------+-------------------------------------------
     0 | D:1      | Meder the Gargoyle Earth Elementalist began the quest for
                  | the Orb.
     0 | D:1      | Reached XP level 1. HP: 10/10 MP: 3/3
   307 | D:1      | Reached XP level 2. HP: 13/15 MP: 5/5
   449 | D:1      | Reached skill level 4 in Earth Magic
   831 | D:2      | Noticed Sigmund
   833 | D:2      | Reached XP level 3. HP: 19/19 MP: 4/6
   844 | D:2      | Killed Sigmund
   845 | D:2      | Reached skill level 5 in Earth Magic
   845 | D:2      | Reached XP level 4. HP: 24/24 MP: 1/9
   845 | D:2      | Reached XP level 5. HP: 28/28 MP: 1/10
   912 | D:2      | Learned a level 3 spell: Stone Arrow
   918 | D:2      | Learned a level 5 spell: Lee's Rapid Deconstruction
   949 | D:2      | Noticed Jessica
   953 | D:2      | Killed Jessica
  1131 | D:2      | Reached skill level 6 in Earth Magic
  1131 | D:2      | Reached XP level 6. HP: 31/32 MP: 12/12
  1132 | D:2      | Reached skill level 1 in Conjurations
  1228 | D:2      | Noticed Natasha
  1242 | D:2      | Killed Natasha
  1524 | D:2      | Noticed Natasha
  1527 | D:2      | Killed Natasha
  1582 | D:2      | Found a runed translucent door.
  1583 | D:2      | Noticed Crazy Yiuf
  1588 | D:2      | Killed Crazy Yiuf
  1692 | D:3      | Noticed Ijyb
  1700 | D:3      | Killed Ijyb
  1766 | D:3      | Noticed Terence
  1964 | D:3      | Killed Terence
  1983 | D:3      | Found a sacrificial altar of Ru.
  2276 | D:3      | Reached XP level 7. HP: 36/36 MP: 13/13
  2646 | D:4      | Found a sand-covered staircase.
  2651 | Ossuary  | Entered an ossuary
  2841 | Ossuary  | Reached skill level 7 in Earth Magic
  2947 | D:4      | Found a hazy altar of Hepliaklqana.
  3291 | D:5      | Entered Level 5 of the Dungeon
  3315 | D:5      | Found Ora Waet's Armour Shoppe.
  3457 | D:5      | Reached skill level 5 in Spellcasting
  3457 | D:5      | Found Zioriud's Gadget Shoppe.
  3468 | D:5      | Noticed Pikel
  3507 | D:5      | Killed Pikel
  3508 | D:5      | Reached skill level 5 in Conjurations
  3508 | D:5      | Reached skill level 8 in Earth Magic
  3508 | D:5      | Reached XP level 8. HP: 24/41 MP: 1/16
  3630 | D:5      | Found a stormy altar of Qazlal.
  3642 | D:5      | Found Seimm's Gadget Boutique.
  3999 | D:6      | You fall into a shaft and drop 1 floor!
  4012 | D:7      | Reached skill level 1 in Fighting
  4012 | D:7      | Reached skill level 1 in Maces & Flails
  4013 | D:7      | Reached skill level 1 in Armour
  4121 | D:7      | Reached skill level 1 in Evocations
  4222 | D:6      | Found an iron altar of Okawaru.
  4530 | D:7      | Reached XP level 9. HP: 19/47 MP: 6/18
  4656 | D:7      | Found a shadowy altar of Dithmenos.
  4955 | D:7      | Found a staircase to the Ecumenical Temple.
  5167 | Temple   | Entered the Ecumenical Temple
  5434 | D:8      | Reached skill level 9 in Earth Magic
  5439 | D:8      | Found Mionoicou's Weapon Boutique.
  5617 | D:8      | Found a glowing silver altar of Zin.
  5617 | D:8      | Found an opulent altar of Gozag.
  5662 | D:8      | Found a shimmering blue altar of Sif Muna.
  5694 | D:8      | Found a shimmering altar of Xom.
  5694 | D:8      | Found an iron altar of Okawaru.
  5699 | D:8      | Found an opulent altar of Gozag.
  5699 | D:8      | Found a sparkling altar of Nemelex Xobeh.
  5699 | D:8      | Found a sacrificial altar of Ru.
  5737 | D:8      | Found a white marble altar of Elyvilon.
  5868 | D:8      | Found a radiant altar of Vehumet.
  5885 | D:8      | Became a worshipper of Vehumet
  6274 | D:9      | Reached XP level 10. HP: 56/56 MP: 14/20
  6393 | D:9      | Found a staircase to the Lair.
  6497 | D:9      | Found a flagged portal.
  6497 | D:9      | Noticed Psyche
  6499 | D:9      | Reached * piety under Vehumet
  6499 | D:9      | Offered knowledge of Freeze by Vehumet.
  6507 | D:9      | Killed Psyche
  6563 | Bailey   | Entered a bailey
  7463 | Bailey   | Found the +8 longbow "Zephyr" {speed, Dex+3 SInv}
  7463 | Bailey   | Found a burning altar of Makhleb.
  7650 | D:9      | Noticed a +0 dagger
  7651 | D:9      | Noticed a +0 dagger
  7653 | D:9      | Found a hide-covered altar of Uskayaw.
  7748 | D:9      | Noticed Joseph
  7786 | D:9      | Offered knowledge of Shock by Vehumet.
  7859 | D:9      | Killed Joseph
  7859 | D:9      | Reached ** piety under Vehumet
  8585 | D:9      | Found a staircase to the Orcish Mines.
  8587 | D:9      | Gained mutation: You are somewhat resistant to further
                  | mutation. [potion of mutation]
  8854 | D:10     | Entered Level 10 of the Dungeon
  8978 | D:10     | Killed an unseen horror
  8979 | D:10     | Reached skill level 10 in Earth Magic
  8979 | D:10     | Reached XP level 11. HP: 32/62 MP: 6/22
  8982 | D:10     | Offered knowledge of Mephitic Cloud by Vehumet.
  8994 | D:10     | Reached skill level 5 in Armour
  9153 | D:10     | Reached *** piety under Vehumet
  9157 | D:10     | Reached skill level 5 in Fighting
  9648 | D:11     | Found a blossoming altar of Fedhas.
  9750 | D:11     | Noticed a green ugly thing
  9752 | D:11     | Noticed a six-headed hydra
  9763 | D:11     | Killed a six-headed hydra
  9764 | D:11     | Offered knowledge of Inner Flame by Vehumet.
  9768 | D:11     | Killed a green ugly thing
  9769 | D:11     | Reached skill level 5 in Maces & Flails
 10230 | D:11     | Reached **** piety under Vehumet
 10301 | D:12     | Found a portal to a secret trove of treasure.
 10337 | D:12     | Identified the +3 mace of the Fray {vorpal, rF+}
 10343 | D:12     | Offered knowledge of Iskenderun's Battlesphere by Vehumet.
 10449 | D:12     | Noticed a manticore
 10453 | D:12     | Killed a manticore
 10713 | D:12     | Reached skill level 5 in Dodging
 10713 | D:12     | Reached skill level 5 in Evocations
 10713 | D:12     | Reached XP level 12. HP: 69/69 MP: 22/24
 11013 | D:12     | Reached skill level 11 in Earth Magic
 11652 | D:13     | Noticed a four-headed hydra
 11656 | D:13     | Killed a four-headed hydra
 11790 | D:13     | Noticed a centaur warrior
 11800 | D:13     | Killed a centaur warrior
 11955 | D:13     | Reached ***** piety under Vehumet
 12044 | D:13     | Offered knowledge of Starburst by Vehumet.
 12344 | D:13     | Learned a level 6 spell: Starburst
 12350 | D:13     | Learned a level 5 spell: Fireball
 12522 | D:13     | Got a warped robe
 12533 | D:13     | Identified the cursed +1 robe "Hidwui" {Harm Str+2 Dex+4
                  | Slay-3} (You found it on level 13 of the Dungeon)
 12591 | D:13     | Found a gate to the Vaults.
 12645 | D:14     | Reached XP level 13. HP: 76/76 MP: 7/25
 12873 | D:14     | Reached skill level 1 in Fire Magic
 13088 | D:14     | Noticed Josephine
 13321 | D:14     | Killed Josephine
 14167 | Lair:1   | Entered Level 1 of the Lair of Beasts
 14382 | Lair:1   | Found a frozen archway.
 14440 | IceCv    | Entered an ice cave
 14496 | IceCv    | Offered knowledge of Fulminant Prism by Vehumet.
 14591 | IceCv    | Reached skill level 12 in Earth Magic
 14996 | IceCv    | Noticed an ice dragon
 14996 | IceCv    | Noticed an ice dragon
 15001 | IceCv    | Killed an ice dragon
 15002 | IceCv    | Killed an ice dragon
 16294 | Lair:2   | Found a dark tunnel.
 16310 | Volcano  | Entered a volcano
 16707 | Lair:2   | Found a hole to the Spider Nest.
 17155 | Lair:2   | Reached skill level 10 in Conjurations
 17213 | Lair:2   | Reached skill level 5 in Fire Magic
 17213 | Lair:2   | Gained mutation: Your large and strong wings let you fly
                  | indefinitely. [Gargoyle growth]
 17213 | Lair:2   | Reached XP level 14. HP: 75/84 MP: 1/27
 17729 | Lair:2   | Found a staircase to the Swamp.
 18332 | Lair:3   | Noticed Urug
 18336 | Lair:3   | Killed Urug
 19264 | Lair:4   | Got a brightly glowing dagger
 19265 | Lair:4   | Identified the +3 dagger "Niaveig" {protect, rF+ Str+4
                  | Int+3} (You found it on level 4 of the Lair of Beasts)
 20490 | Lair:5   | Found a staircase to the Slime Pits.
 20618 | Lair:5   | Noticed Snorg
 20624 | Lair:5   | Killed Snorg
 21920 | Lair:6   | Entered Level 6 of the Lair of Beasts
 22101 | Lair:6   | Noticed a dire elephant
 22787 | Lair:6   | Killed a dire elephant
 22818 | Lair:6   | Offered knowledge of Ozocubu's Refrigeration by Vehumet.
 22819 | Lair:6   | Reached XP level 15. HP: 72/90 MP: 28/28
 22893 | Lair:6   | Reached skill level 10 in Spellcasting
 22904 | Lair:6   | Reached skill level 13 in Earth Magic
 23026 | Lair:6   | Got an ancient jade ring
 23027 | Lair:6   | Identified the ring "Rutot" {+Fly MP+9} (You found it on
                  | level 6 of the Lair of Beasts)
 23029 | Lair:6   | Identified Nazxomposy's Volume of Parts Unknown
 23934 | Orc:1    | Entered Level 1 of the Orcish Mines
 23934 | Orc:1    | Noticed Fannar
 23948 | D:9      | Killed Fannar
 24004 | Orc:1    | Noticed Harold
 24158 | Orc:1    | Killed Harold
 24464 | Orc:1    | Found a shimmering blue altar of Sif Muna.
 24478 | Orc:1    | Identified Sif Muna's Catalogue of Contamination
 24539 | Orc:2    | Entered Level 2 of the Orcish Mines
 24548 | Orc:2    | Offered knowledge of Bolt of Magma by Vehumet.
 25230 | Orc:2    | Found a staircase to the Elven Halls.
 25332 | Orc:1    | Found Yqiub's Distillery.
 25349 | Orc:1    | Bought a potion of attraction for 48 gold pieces
 25349 | Orc:1    | Bought a potion of curing for 48 gold pieces
 25349 | Orc:1    | Bought a potion of haste for 160 gold pieces
 25349 | Orc:1    | Bought a potion of curing for 48 gold pieces
 25349 | Orc:1    | Bought a potion of haste for 160 gold pieces
 25349 | Orc:1    | Bought a potion of magic for 128 gold pieces
 25349 | Orc:1    | Bought a potion of heal wounds for 80 gold pieces
 25457 | Orc:2    | Found a roughly hewn altar of Beogh.
 25623 | Orc:2    | Found Mate's Book Boutique.
 25623 | Orc:2    | Found Tanuul's Jewellery Shoppe.
 25625 | Orc:2    | Found Radwass's Magic Scroll Boutique.
 25625 | Orc:2    | Found Ruudiz's Book Shoppe.
 25645 | Orc:2    | Bought a book of the Earth for 1040 gold pieces
 25652 | Orc:2    | Learned a level 6 spell: Iron Shot
 25653 | Orc:2    | Bought a scroll of enchant weapon for 82 gold pieces
 25653 | Orc:2    | Bought a scroll of identify for 22 gold pieces
 25653 | Orc:2    | Bought a scroll of identify for 22 gold pieces
 25653 | Orc:2    | Bought a scroll of magic mapping for 38 gold pieces
 25653 | Orc:2    | Bought a scroll of enchant armour for 82 gold pieces
 25653 | Orc:2    | Bought a scroll of magic mapping for 38 gold pieces
 25653 | Orc:2    | Bought a scroll of identify for 22 gold pieces
 25961 | D:15     | Entered Level 15 of the Dungeon
 26423 | D:15     | Found a hide-covered altar of Uskayaw.
 26476 | D:15     | Offered knowledge of Conjure Ball Lightning by Vehumet.
 26869 | D:15     | Reached skill level 10 in Fighting
 26922 | D:15     | Found a staircase to the Depths.
 27007 | D:15     | Found a white marble altar of Elyvilon.
 27307 | Swamp:1  | Entered Level 1 of the Swamp
 28022 | Swamp:1  | Reached XP level 16. HP: 97/97 MP: 22/30
 28310 | Swamp:2  | Noticed Jorgrun
 28411 | Swamp:2  | Killed Jorgrun
 28649 | Swamp:2  | Noticed a fenstrider witch
 28653 | Swamp:2  | Killed a fenstrider witch
 28663 | Swamp:2  | Reached ****** piety under Vehumet
 28762 | Swamp:2  | Offered knowledge of Irradiate by Vehumet.
 28976 | Swamp:2  | Learned a level 5 spell: Irradiate
 29426 | Swamp:3  | Mangled by a tyrant leech

Illustrated notes

Levels and vault maps discovered:
D:1:      onia_arrival_mini_spirals, layout_basic, dk_noncrumbling_4,
          lemuel_another_geyser
D:2:      layout_loops_ring, uniq_jessica, uniq_natasha,
          uniq_crazy_yiuf_cottage, uniq_sigmund
D:3:      layout_basic, lemuel_doored_altar, uniq_ijyb, uniq_terence
D:4:      layout_loops_ring, nicolae_overflow_hidden_temple, enter_ossuary_2,
          serial_bayou_ford_a
D:5:      layout_rooms, lemuel_crystal_altar, serial_shops, shop_statue,
          nicolae_shop_stone, shop, uniq_pikel
D:6:      layout_cave_pools, okawaru_metal_pillars_3
D:7:      layout_rooms, minmay_temple_entry_tees, basic_altar,
          grunt_ministairs_9
D:8:      layout_rooms, grunt_temple_overflow_gold_and_silver, vehumet_statue,
          doesnt_xom_only_xom, basic_altar, serial_shops, shop, roderic_batcave
D:9:      layout_basic, dancing_weapons_uskayaw, david_lair_shrubbed,
          erik_orc_1, enter_bailey_3, kennysheep_generic_room_14, uniq_psyche,
          uniq_joseph
D:10:     layout_basic
D:11:     layout_basic, basic_altar, minivault_27
D:12:     layout_basic, nicolae_trove_entry_crystal
D:13:     layout_loops_ring, david_vaults_1
D:14:     layout_basic, kennysheep_boxes, minmay_splitting_lines, uniq_josephine
D:15:     hangedman_depths_entry_try_elsewhere_first, layout_gridville,
          elyvilon_altar_1, basic_altar
Temple:   dshaligram_water_room_temple
Lair:1:   layout_regular_city, portal_ice_cave_entry_imps, serial_bayou_lake_a,
          grunt_megastairs_4
Lair:2:   layout_hall_layers, nicolae_swamp_entry_splash_gauntlet,
          spider_nest_entry_rubble, nicolae_volcano_entry_vermiform,
          minivault_23
Lair:3:   layout_hall_layers, uniq_urug
Lair:4:   layout_cave_pods, infiniplex_staircase_pool_2, lemuel_fruit_fields,
          serial_bayou_shore_a
Lair:5:   minmay_lair_oklob_tunnel, layout_regular_city,
          nicolae_slime_entry_slimehenge, uniq_snorg
Lair:6:   gammafunk_lair_ancient_temple, layout_regular_city,
          patterned_corridor, lemuel_fruit_fields
Swamp:1:  layout_falls_marsh, nicolae_swamp_trees_clearing
Swamp:2:  layout_falls_marsh, infiniplex_staircase_pool, uniq_jorgrun
Swamp:3:  layout_basic_swamp, evilmike_swamp_ruin_rubble_2
Orc:1:    layout_caves, serial_shops, nicolae_shop_statue_plus, led_sif_book,
          uniq_harold, uniq_fannar
Orc:2:    grunt_orc_tribal_feast, layout_caves, mines1_david

Skill      XL: |  1  2  3  4  5  6  7  8  9 10 11 12 13 14 15 |
---------------+----------------------------------------------+-----
Earth Magic    | 4 5 6 8 9 10 11 12 13 | 13.8
Spellcasting   | 3 4 5 6 7 8 9 10 | 10.7
Conjurations   | 2 5 6 7 8 9 10 11 | 11.7
Fighting       | 1 3 4 5 7 8 9 10 | 10.5
Maces & Flails | 1 3 4 5 6 7 8 9 |  9.6
Armour         | 1 3 4 6 |  6.0
Evocations     | 1 2 3 5 6 7 8 |  8.9
Dodging        | 2 3 4 5 6 7 8 |  8.3
Fire Magic     | 5 7 9 |  9.8
Stealth        | |  2.1
Transmutations | |  0.7

Action                   |  1- 3 |  4- 6 |  7- 9 | 10-12 | 13-15 | 16-18 || total
-------------------------+-------+-------+-------+-------+-------+-------++-------
Melee: Short sword       |    52 |    55 |       |       |       |       ||   107
       Unarmed           |     5 |       |       |       |       |       ||     5
       Mace              |       |    48 |   357 |   170 |       |       ||   575
       Flail             |       |       |       |   203 |   421 |       ||   624
       Eveningstar       |       |       |       |       |   519 |    90 ||   609
 Cast: Sandblast         |    11 |    34 |    75 |    57 |    68 |     1 ||   246
       Stone Arrow       |       |     1 |    10 |    28 |   116 |       ||   155
       Lee's Rapid Decon |       |       |     8 |    82 |    70 |       ||   160
       Fireball          |       |       |       |       |   101 |     8 ||   109
       Iron Shot         |       |       |       |       |    34 |    27 ||    61
       Starburst         |       |       |       |       |    28 |    15 ||    43
 Abil: Fly               |       |       |       |       |     1 |       ||     1
Evoke: Wand              |       |       |     1 |    29 |    11 |       ||    41
       Phantom mirror    |       |       |       |       |     2 |       ||     2
  Use: Potion            |     2 |     1 |       |     5 |     5 |       ||    13
       Scroll            |       |    11 |     7 |     8 |    18 |     1 ||    45
 Stab: Sleeping          |     2 |     6 |     5 |       |     1 |       ||    14
Armor: Robe              |    24 |    70 |   245 |   184 |       |       ||   523
       Troll leather arm |       |       |       |   122 |   679 |    86 ||   887
Dodge: Dodged            |    41 |   100 |   351 |   292 |  1141 |    87 ||  2012

Table legend: (Time is in decaauts)
 A = Elapsed time spent in this place.
 B = Non-inter-level travel time spent in this place.
 C = Inter-level travel time spent in this place.
 D = Time resting spent in this place.
 E = Time spent auto-exploring this place.
 F = Levels seen in this place.
 G = Mean time per level.
                   A        B        C        D        E       F      G
               +--------+--------+--------+--------+--------+-----+--------+
         Total |  29763 |  28330 |   1433 |   7189 |  14294 |  31 |  960.1 |
       Dungeon |  14779 |  13858 |    921 |   3170 |   7243 |  15 |  985.3 |
        Temple |    132 |    109 |     23 |      0 |    109 |   1 |  132.0 |
          Lair |   8739 |   8375 |    364 |   1764 |   4875 |   6 | 1456.5 |
         Swamp |   1925 |   1877 |     48 |    671 |    801 |   3 |  641.7 |
  Orcish Mines |   1702 |   1626 |     76 |    374 |    745 |   2 |  851.0 |
       Ossuary |    303 |    303 |      0 |      0 |     79 |   1 |  303.0 |
        Bailey |    954 |    954 |      0 |    730 |     22 |   1 |  954.0 |
      Ice Cave |    881 |    881 |      0 |    366 |    277 |   1 |  881.0 |
       Volcano |    343 |    343 |      0 |    114 |    142 |   1 |  343.0 |
               +--------+--------+--------+--------+--------+-----+--------+

Top non-repeatable levels by time:
     D:9: 2173 daAuts
  Lair:2: 1984 daAuts
  Lair:5: 1793 daAuts
  Lair:6: 1563 daAuts
    D:13: 1456 daAuts
    D:12: 1409 daAuts
  Lair:4: 1217 daAuts
 Swamp:1: 1212 daAuts
    D:14: 1204 daAuts
  Lair:3: 1129 daAuts
    D:15: 1057 daAuts
  Lair:1: 1051 daAuts
  Bailey: 954 daAuts
     D:2: 951 daAuts
   Orc:2: 934 daAuts
